 Dungeon Crawl Stone Soup version 0.29.0-15-g675c0067aa (webtiles) character file.

Game seed: 2439421305233314124

74134 qw the Severer (level 15, -1/95 HPs)
             Began as a Gargoyle Fighter on Sept 12, 2022.
             Was a High Priest of Okawaru.
             Slain by an enormous slime creature (61 damage)
             ... on level 12 of the Dungeon.
             The game lasted 00:08:24 (21141 turns).

qw the Severer (Gargoyle Fighter)                  Turns: 21141, Time: 00:08:25

Health: -1/95      AC: 52    Str: 26    XL:     15   Next: 45%
Magic:  21/22      EV:  9    Int: 13    God:    Okawaru [*****.]
Gold:   1222       SH:  7    Dex: 12    Spells: 14/14 levels left

rFire   . . .      SeeInvis .   n - +0 broad axe (venom)
rCold   . . .      Faith    .   c - +0 buckler
rNeg    + . .      Spirit   .   t - +8 orange crystal plate armour {Archmagi, Int+3 Clar}
rPois   inf        Reflect  .   g - +1 helmet
rElec   +          Harm     .   s - +0 cloak
rCorr   .          Rampage  .   k - +1 pair of gloves {Dex+3}
Will    +....      Archmagi +   (no boots)
Stlth   .......... Clarity  +   (no amulet)
HPRegen 0.25/turn               (no ring)
MPRegen 0.18/turn               (no ring)

@: about to teleport, heroic, flying
A: sickness immunity, AC +11, big wings, negative energy resistance 1,
electricity resistance, torment resistance 1, petrification resistance
a: Renounce Religion, Heroism, Finesse, Duel


You were on level 12 of the Dungeon.
You worshipped Okawaru.
Okawaru was extremely pleased with you.
You visited 3 branches of the dungeon, and saw 18 of its levels.

You collected 1303 gold pieces.
You spent 81 gold pieces at shops.


Innate Abilities, Weirdness & Mutations

You are immune to sickness and miasma.
Your stone body is resilient. (AC +11)
You are immune to poison.
Your large and strong wings let you fly.
You resist negative energy. (rN+)
You are resistant to electric shocks. (rElec)
You are resistant to unholy torment.
You are immune to petrification.


   Skills:
 - Level 11.2(16.2) Fighting
 - Level 15.5(20.5) Axes
 + Level 2.3(7.3) Throwing
 - Level 14.0(19.0) Armour
 - Level 3.0(8.0) Dodging
 - Level 7.0(12.0) Shields
 - Level 10.1 Invocations


You had 14 spell levels left.
You didn't know any spells.
Your spell library was empty.

Inventory:

Hand Weapons
 l - a +0 morningstar
 n - a +0 broad axe of venom (weapon)
Missiles
 q - a javelin (quivered)
Armour
 c - a +0 buckler (worn)
 g - a +1 helmet (worn)
 j - +0 acid dragon scales
 k - a +1 pair of gloves of dexterity (worn)
 s - a +0 cloak (worn)
 t - the +8 orange crystal plate armour (worn) {Archmagi, Int+3 Clar}
   (You took it off an orc warrior on level 7 of the Dungeon)

   Int:       It affects your intelligence (+3).
   Clar:      It protects you against confusion.
Scrolls
 f - 6 scrolls of teleportation
 o - 5 scrolls of identify
 r - 2 scrolls of fog
Potions
 a - a potion of lignification
 b - a potion of mutation
 d - 3 potions of might
 e - 2 potions of cancellation
 h - 14 potions of curing
 i - 2 potions of haste
 m - 4 potions of heal wounds
 u - 2 potions of attraction

Dungeon Overview and Level Annotations

Branches:
Dungeon (12/15)            Temple (1/1) D:4            Lair (5/5) D:8
  Swamp (0/4) Lair:2       Spider (0/4) Lair:2        Slime (0/5) Lair:5
    Orc (0/2) D:10

Altars:
Ashenzari
Cheibriados
Dithmenos
Elyvilon
Fedhas
Gozag
Hepliaklqana
Kikubaaqudgha
Makhleb
Nemelex Xobeh
Okawaru
Qazlal
Ru
Sif Muna
Trog
Uskayaw
Vehumet
Wu Jian
Xom
Yredelemnul
Zin
The Shining One

Shops:
D:1 [   D:6 [

Annotations:
D:3 1 runed translucent door, Crazy Yiuf


Message History

Press: ? - help, Q - select action Shift-Dir - straight line, f - slime creature You throw a javelin.
The javelin pierces through the slime creature!
The slime creature is moderately wounded.
A slime creature comes into view.
Throw: 2 javelins
Press: ? - help, Q - select action Shift-Dir - straight line, f - slime creature You throw a javelin.
The javelin pierces through the slime creature!
The slime creature is lightly wounded.
The javelin pierces through the slime creature!!
The slime creature is moderately wounded.
A slime creature comes into view. x2
Two slime creatures merge to form a large slime creature.
21133 ||| Stepping ~*~*~tactically~*~*~ (stealth).
The slime creature quivers.
Two slime creatures merge to form a large slime creature.
A slime creature comes into view.
21134 ||| INVOKING Heroism.
You gain the combat prowess of a mighty hero.
A slime creature comes into view.
Two slime creatures merge to form a very large slime creature.
21135 ||| Stepping ~*~*~tactically~*~*~ (stealth).
Two slime creatures merge to form an enormous slime creature.
21136 ||| Stepping ~*~*~tactically~*~*~ (stealth).
21137 ||| READING 7 scrolls of teleportation.
As you read the scroll of teleportation, it crumbles to dust.
You feel strangely unstable.
Two slime creatures merge to form a very large slime creature.
You slash the enormous slime creature!
The enormous slime creature is lightly wounded.
The enormous slime creature hits you!!!
You hit the enormous slime creature.
The enormous slime creature is lightly wounded.
You hit the enormous slime creature but do no damage.
The enormous slime creature is poisoned.
The enormous slime creature is lightly wounded.
The enormous slime creature hits you!!!
Ouch! That really hurt!
You die...

### .....## #
....###.....# .
............# #.
#..........# ..
#...# ##.. ###)#
#... #.### ##<..
##...### #....
#J.J@..### ##....
.....#####...####
#....# ....#
####...####....#
J.J.
####..).....#


J.J ###).....# $( ####...# ##... #.# .# You could see an enormous slime creature
(very poisoned) and a very large slime creature.

Vanquished Creatures
  3 dire elephants (Lair:5)
  3 hydras
  A two-headed ogre (D:10)
  12 death yaks
  Urug (D:10)
  Sonja (Lair:4)
  A spriggan (Lair:4)
  A spectral death yak (Lair:5)
  A spectral anaconda (Lair:5)
  A lindwurm (Lair:4)
  A deep elf zephyrmancer (D:9)
  4 necromancers (Lair:5)
  A slime creature (D:12)
  9 elephants
  5 black mambas
  Joseph (D:10)
  A gargoyle (D:12)
  9 komodo dragons
  9 cane toads
  3 rime drakes
  A kobold demonologist (D:11)
  2 dire elephant skeletons (Lair:5)
  4 trolls
  A tyrant leech (Lair:2)
  2 hornets
  2 polar bears
  8 blink frogs
  A spectral elephant (Lair:5)
  Sigmund (D:4)
  A dire elephant simulacrum (Lair:5)
  A vampire (D:10)
  46 yaks
  A basilisk (Lair:3)
  4 wyverns
  A swamp worm (Lair:2)
  A spectral cane toad (Lair:5)
  14 water moccasins
  7 orc warriors
  3 black bears
  An elephant zombie (Lair:5)
  An ogre (D:5)
  38 wolves
  7 centaurs
  2 elephant skeletons (Lair:5)
  2 kobold brigands
  10 bullfrogs
  2 necrophages
  2 scorpions
  8 wights
  2 elephant simulacra (Lair:5)
  16 killer bees
  3 electric eels (Lair:4)
  A jelly (D:6)
  2 gnoll boudas (D:7)
  9 orc priests
  5 hounds
  3 iguanas
  14 orc wizards
  Terence (D:3)
  Robin (D:3)
  14 gnolls
  8 adders
  2 river rats (D:5)
  A shadow imp (D:5)
  3 white imps (D:7)
  3 worms
  A dart slug (D:4)
  52 orcs
  3 endoplasms
  A giant cockroach (D:2)
  11 hobgoblins
  8 kobolds
  3 quokkas
  12 ball pythons
  7 bats
  2 frilled lizards (D:2)
  12 goblins
  7 rats
449 creatures vanquished.

Vanquished Creatures (others)
  2 kobolds (D:11)
  63 fungi
  79 plants
  23 withered plants (Lair:5)
167 creatures vanquished.

Grand Total: 616 creatures vanquished

Notes
Turn   | Place    | Note
-------+----------+-------------------------------------------
     0 | D:1      | qw the Gargoyle Fighter began the quest for the Orb.
     0 | D:1      | Reached XP level 1. HP: 14/14 MP: 1/1
     0 | D:1      | 0 ||| qw: Version: 0.1-a-119-g272c26d
     0 | D:1      | 0 ||| qw: Game counter: 10822
     0 | D:1      | 0 ||| qw: Always use a shield: true
     0 | D:1      | 0 ||| qw: God list: Okawaru
     0 | D:1      | 0 ||| qw: Allow faded altars: false
     0 | D:1      | 0 ||| qw: Do Orc after D:15 true
     0 | D:1      | 0 ||| qw: Do second Lair branch before Depths: true
     0 | D:1      | 0 ||| qw: Lair rune preference: random
     0 | D:1      | 0 ||| qw: Plans: Normal, Zot, God:TSO, Crypt, Tomb, Pan,
                  | Slime, Hells, Zig, Abyss, Orb
     0 | D:1      | 0 ||| PLANNING D:1-11
   163 | D:1      | Reached skill level 2 in Axes
   335 | D:1      | Found Ciosorgh's Armour Emporium.
   340 | D:1      | 340 ||| SHOPLISTING +1 chain mail of cold resistance (231
                  | gold, have 64).
   340 | D:1      | 340 ||| SHOPLISTING +2 pearl dragon scales (1517 gold, have
                  | 64).
   412 | D:1      | 412 ||| DROPPING +0 club.
   437 | D:1      | Reached XP level 2. HP: 19/19 MP: 2/2
   837 | D:1      | Found a faded altar of an unknown god.
  1045 | D:1      | 1045 ||| UPGRADING to +0 plate armour.
  1055 | D:1      | 1055 ||| DROPPING +0 scale mail.
  1056 | D:1      | 1056 ||| READING 2 scrolls labelled SISSARCH EPSA.
  1057 | D:1      | 1057 ||| READING scroll labelled WESSA XEIMETT.
  1058 | D:1      | 1058 ||| READING scroll labelled XUTUOFUMIO.
  1059 | D:1      | 1059 ||| DROPPING scroll of fear.
  1181 | D:2      | 1181 ||| FLEEEEING.
  1182 | D:2      | 1182 ||| FLEEEEING.
  1183 | D:2      | 1183 ||| FLEEEEING.
  1184 | D:2      | 1184 ||| FLEEEEING.
  1185 | D:2      | 1185 ||| FLEEEEING.
  1187 | D:2      | 1187 ||| FLEEEEING.
  1188 | D:2      | 1188 ||| FLEEEEING.
  1189 | D:2      | 1189 ||| FLEEEEING.
  1190 | D:2      | 1190 ||| FLEEEEING.
  1191 | D:2      | 1191 ||| FLEEEEING.
  1192 | D:2      | 1192 ||| FLEEEEING.
  1193 | D:2      | 1193 ||| FLEEEEING.
  1194 | D:2      | 1194 ||| FLEEEEING.
  1195 | D:2      | 1195 ||| FLEEEEING.
  1196 | D:2      | 1196 ||| FLEEEEING.
  1197 | D:2      | 1197 ||| FLEEEEING.
  1198 | D:2      | 1198 ||| FLEEEEING.
  1202 | D:2      | Reached skill level 3 in Axes
  1251 | D:2      | Reached XP level 3. HP: 23/23 MP: 3/3
  1898 | D:2      | 1898 ||| READING scroll labelled MIKEDU NOKUMN.
  1899 | D:2      | 1899 ||| READING scroll labelled UMNOAN CYAL.
  1900 | D:2      | 1900 ||| READING scroll labelled OQOAWO WALEB.
  1901 | D:2      | 1901 ||| DRINKING 3 grey potions.
  1964 | D:3      | Found a runed translucent door.
  1965 | D:3      | Noticed Crazy Yiuf
  2016 | D:3      | Found a sacrificial altar of Ru.
  2017 | D:3      | 2017 ||| READING scroll labelled JAW REATTEH.
  2039 | D:3      | Noticed Robin
  2049 | D:3      | Reached XP level 4. HP: 14/28 MP: 4/4
  2054 | D:3      | Reached skill level 4 in Axes
  2057 | D:3      | Killed Robin
  2362 | D:3      | Found the +9 staff of Olgreb {rPois∞}
  2404 | D:3      | Noticed Terence
  2413 | D:3      | Killed Terence
  2414 | D:3      | Reached XP level 5. HP: 31/32 MP: 5/5
  2702 | D:3      | 2702 ||| UPGRADING to +1 helmet.
  2707 | D:3      | 2707 ||| UPGRADING to +0 pair of gloves.
  2760 | D:4      | 2760 ||| Stepping ~*~*~tactically~*~*~ (stealth).
  2761 | D:4      | 2761 ||| Stepping ~*~*~tactically~*~*~ (stealth).
  2772 | D:4      | 2772 ||| DROPPING +0 whip.
  2868 | D:4      | Found a staircase to the Ecumenical Temple.
  2869 | D:4      | 2869 ||| PLANNING TEMPLE
  2877 | Temple   | Entered the Ecumenical Temple
  3240 | Temple   | 3240 ||| PLANNING D:1-11
  3458 | Temple   | Became a worshipper of Warmaster Okawaru
  3583 | D:4      | Found a blossoming altar of Fedhas.
  3590 | D:4      | 3590 ||| Stepping ~*~*~tactically~*~*~ (hiding).
  3592 | D:4      | 3592 ||| Stepping ~*~*~tactically~*~*~ (hiding).
  3606 | D:4      | Noticed Sigmund
  3622 | D:4      | Killed Sigmund
  3623 | D:4      | Reached skill level 6 in Axes
  3623 | D:4      | Reached XP level 6. HP: 32/37 MP: 6/6
  3676 | D:4      | 3676 ||| Stepping ~*~*~tactically~*~*~ (hiding).
  3677 | D:4      | 3677 ||| Stepping ~*~*~tactically~*~*~ (hiding).
  3819 | D:4      | Reached * piety under Okawaru
  3820 | D:4      | 3820 ||| INVOKING Heroism.
  4191 | D:4      | You fall into a shaft and drop 2 floors!
  4219 | D:6      | 4219 ||| READING scroll labelled WEONWI XAUBO.
  4220 | D:6      | 4220 ||| DRINKING 2 golden potions.
  4221 | D:6      | 4221 ||| DRINKING 2 cyan potions.
  4224 | D:6      | 4224 ||| FLEEEEING.
  4225 | D:6      | 4225 ||| STAIRDANCE
  4226 | D:5      | Entered Level 5 of the Dungeon
  4227 | D:5      | 4227 ||| PLANNING SEWER
  4245 | D:5      | Reached skill level 1 in Invocations
  4245 | D:5      | Reached XP level 7. HP: 43/43 MP: 7/7
  4252 | D:5      | 4252 ||| INVOKING Heroism.
  4267 | D:5      | 4267 ||| INVOKING Heroism.
  4452 | D:5      | 4452 ||| READING scroll of enchant armour.
  4452 | D:5      | 4452 ||| ENCHANTING +0 pair of gloves.
  4742 | D:5      | 4742 ||| INVOKING Heroism.
  4755 | D:5      | Reached skill level 3 in Invocations
  4834 | D:5      | 4834 ||| RIP SEWER
  4973 | D:5      | 4973 ||| PLANNING D:1-11
  5131 | D:4      | 5131 ||| READING 2 scrolls of identify.
  5131 | D:4      | 5131 ||| IDENTIFYING coppery potion
  5297 | D:5      | 5297 ||| Stepping ~*~*~tactically~*~*~ (stealth).
  5310 | D:5      | 5310 ||| FLEEEEING.
  5313 | D:5      | 5313 ||| FLEEEEING.
  5314 | D:5      | 5314 ||| FLEEEEING.
  5315 | D:5      | 5315 ||| FLEEEEING.
  5316 | D:5      | 5316 ||| FLEEEEING.
  5317 | D:5      | 5317 ||| FLEEEEING.
  5318 | D:5      | 5318 ||| STAIRDANCE
  5362 | D:4      | 5362 ||| READING scroll labelled VOITTO CU YSCHUCROPT.
  5363 | D:4      | 5363 ||| READING 2 scrolls of identify.
  5363 | D:4      | 5363 ||| IDENTIFYING viscous clear potion
  5547 | D:5      | 5547 ||| Stepping ~*~*~tactically~*~*~ (stealth).
  5759 | D:6      | Reached XP level 8. HP: 40/48 MP: 9/11
  5775 | D:6      | 5775 ||| FLEEEEING.
  5783 | D:6      | 5783 ||| FLEEEEING.
  5787 | D:6      | 5787 ||| INVOKING Heroism.
  5794 | D:6      | Reached skill level 7 in Axes
  5849 | D:6      | Found Deankaeq's Antique Armour Shop.
  5875 | D:6      | 5875 ||| Stepping ~*~*~tactically~*~*~ (stealth).
  5877 | D:6      | 5877 ||| INVOKING Heroism.
  5899 | D:6      | 5899 ||| BUYING cloak (81 gold).
  5899 | D:6      | Bought a cloak for 81 gold pieces
  5899 | D:6      | 5899 ||| SHOPLISTING dazzling chain mail (171 gold, have
                  | 158).
  5899 | D:6      | 5899 ||| SHOPLISTING shiny plate armour (468 gold, have
                  | 158).
  5916 | D:6      | 5916 ||| INVOKING Heroism.
  5921 | D:6      | 5921 ||| Stepping ~*~*~tactically~*~*~ (stealth).
  5922 | D:6      | 5922 ||| Stepping ~*~*~tactically~*~*~ (stealth).
  6015 | D:6      | Reached skill level 1 in Dodging
  6031 | D:6      | 6031 ||| Stepping ~*~*~tactically~*~*~ (hiding).
  6036 | D:6      | 6036 ||| INVOKING Heroism.
  6239 | D:6      | 6239 ||| Stepping ~*~*~tactically~*~*~ (stealth).
  6242 | D:6      | 6242 ||| Stepping ~*~*~tactically~*~*~ (stealth).
  6250 | D:6      | 6250 ||| INVOKING Heroism.
  6252 | D:6      | Reached skill level 1 in Throwing
  6413 | D:6      | Noticed a yak
  6413 | D:6      | Noticed a yak
  6414 | D:6      | 6414 ||| Stepping ~*~*~tactically~*~*~ (stealth).
  6415 | D:6      | Noticed a yak
  6415 | D:6      | Noticed a yak
  6416 | D:6      | 6416 ||| INVOKING Heroism.
  6422 | D:6      | Killed a yak
  6431 | D:6      | Killed a yak
  6432 | D:6      | Reached skill level 8 in Axes
  6438 | D:6      | Killed a yak
  6438 | D:6      | Reached ** piety under Okawaru
  6439 | D:6      | Reached XP level 9. HP: 17/54 MP: 12/12
  6441 | D:6      | Reached skill level 6 in Fighting
  6778 | D:6      | 6778 ||| UPGRADING to +0 cloak.
  6783 | D:6      | 6783 ||| DROPPING amulet of guardian spirit.
  6784 | D:6      | 6784 ||| READING scroll labelled WEPTUTR TISH.
  6834 | D:7      | 6834 ||| Stepping ~*~*~tactically~*~*~ (hiding).
  6837 | D:7      | 6837 ||| Stepping ~*~*~tactically~*~*~ (hiding).
  6855 | D:7      | 6855 ||| INVOKING Heroism.
  6872 | D:7      | 6872 ||| Stepping ~*~*~tactically~*~*~ (hiding).
  6957 | D:7      | 6957 ||| Stepping ~*~*~tactically~*~*~ (stealth).
  6959 | D:7      | 6959 ||| INVOKING Heroism.
  6963 | D:7      | 6963 ||| Stepping ~*~*~tactically~*~*~ (stealth).
  7022 | D:7      | 7022 ||| INVOKING Heroism.
  7319 | D:7      | Reached skill level 9 in Axes
  7479 | D:7      | Noticed a troll
  7480 | D:7      | 7480 ||| INVOKING Heroism.
  7481 | D:7      | 7481 ||| Stepping ~*~*~tactically~*~*~ (stealth).
  7497 | D:7      | Killed a troll
  7498 | D:7      | Reached skill level 6 in Armour
  7508 | D:7      | 7508 ||| FLEEEEING.
  7509 | D:7      | 7509 ||| FLEEEEING.
  7510 | D:7      | 7510 ||| FLEEEEING.
  7511 | D:7      | 7511 ||| FLEEEEING.
  7512 | D:7      | 7512 ||| FLEEEEING.
  7513 | D:7      | 7513 ||| FLEEEEING.
  7514 | D:7      | 7514 ||| FLEEEEING.
  7515 | D:7      | 7515 ||| FLEEEEING.
  7516 | D:7      | 7516 ||| FLEEEEING.
  7517 | D:7      | 7517 ||| FLEEEEING.
  7518 | D:7      | 7518 ||| FLEEEEING.
  7519 | D:7      | 7519 ||| FLEEEEING.
  7520 | D:7      | 7520 ||| FLEEEEING.
  7521 | D:7      | 7521 ||| FLEEEEING.
  7522 | D:7      | 7522 ||| FLEEEEING.
  7523 | D:7      | 7523 ||| FLEEEEING.
  7524 | D:7      | 7524 ||| FLEEEEING.
  7526 | D:7      | 7526 ||| FLEEEEING.
  7527 | D:7      | 7527 ||| FLEEEEING.
  7528 | D:7      | 7528 ||| FLEEEEING.
  7529 | D:7      | 7529 ||| FLEEEEING.
  7530 | D:7      | 7530 ||| FLEEEEING.
  7531 | D:7      | 7531 ||| FLEEEEING.
  7532 | D:7      | 7532 ||| FLEEEEING.
  7533 | D:7      | 7533 ||| FLEEEEING.
  7535 | D:7      | 7535 ||| FLEEEEING.
  7536 | D:7      | 7536 ||| FLEEEEING.
  7537 | D:7      | 7537 ||| STAIRDANCE
  7697 | D:6      | 7697 ||| UPGRADING to +8 orange crystal plate armour
                  | {Archmagi, Int+3 Clar}.
  7707 | D:6      | 7707 ||| DROPPING +0 plate armour.
  7708 | D:6      | 7708 ||| READING scroll labelled GUOLOPSE OKKIFF.
  7712 | D:6      | 7712 ||| READING 2 scrolls of identify.
  7712 | D:6      | 7712 ||| IDENTIFYING puce potion
  7713 | D:6      | 7713 ||| DROPPING potion of ambrosia.
  7799 | D:7      | 7799 ||| Stepping ~*~*~tactically~*~*~ (hiding).
  7800 | D:7      | 7800 ||| Stepping ~*~*~tactically~*~*~ (hiding).
  7806 | D:7      | 7806 ||| INVOKING Heroism.
  7845 | D:7      | 7845 ||| Stepping ~*~*~tactically~*~*~ (stealth).
  7867 | D:7      | 7867 ||| Stepping ~*~*~tactically~*~*~ (hiding).
  7876 | D:7      | 7876 ||| INVOKING Heroism.
  8081 | D:7      | 8081 ||| READING scroll labelled TEISUNADIO.
  8082 | D:7      | 8082 ||| READING 2 scrolls of identify.
  8082 | D:7      | 8082 ||| IDENTIFYING fuming cyan potion
  8083 | D:7      | 8083 ||| DROPPING potion of flight.
  8213 | D:8      | 8213 ||| Stepping ~*~*~tactically~*~*~ (hiding).
  8256 | D:8      | 8256 ||| Stepping ~*~*~tactically~*~*~ (stealth).
  8273 | D:8      | 8273 ||| DROPPING +0 flail.
  8305 | D:8      | Found a shimmering blue altar of Sif Muna.
  8306 | D:8      | 8306 ||| Stepping ~*~*~tactically~*~*~ (hiding).
  8308 | D:8      | 8308 ||| INVOKING Heroism.
  8312 | D:8      | Reached XP level 10. HP: 61/61 MP: 10/13
  8351 | D:8      | 8351 ||| INVOKING Heroism.
  8605 | D:8      | 8605 ||| INVOKING Heroism.
  8660 | D:8      | Reached *** piety under Okawaru
  8701 | D:8      | 8701 ||| Stepping ~*~*~tactically~*~*~ (stealth).
  8710 | D:8      | Reached skill level 9 in Armour
  8995 | D:8      | Found a staircase to the Lair.
  9160 | D:8      | 9160 ||| Stepping ~*~*~tactically~*~*~ (stealth).
  9162 | D:8      | 9162 ||| INVOKING Heroism.
  9262 | D:8      | 9262 ||| Stepping ~*~*~tactically~*~*~ (stealth).
  9265 | D:8      | 9265 ||| Stepping ~*~*~tactically~*~*~ (stealth).
  9424 | D:8      | 9424 ||| PLANNING LAIR
  9465 | Lair:1   | Entered Level 1 of the Lair of Beasts
  9548 | Lair:1   | 9548 ||| Stepping ~*~*~tactically~*~*~ (stealth).
  9551 | Lair:1   | 9551 ||| INVOKING Heroism.
  9554 | Lair:1   | 9554 ||| Stepping ~*~*~tactically~*~*~ (stealth).
  9566 | Lair:1   | Reached **** piety under Okawaru
  9567 | Lair:1   | Reached skill level 10 in Axes
  9714 | Lair:1   | 9714 ||| INVOKING Heroism.
  9733 | Lair:1   | 9733 ||| Stepping ~*~*~tactically~*~*~ (stealth).
  9734 | Lair:1   | Reached ***** piety under Okawaru
  9735 | Lair:1   | Reached skill level 6 in Invocations
  9736 | Lair:1   | Reached XP level 11. HP: 55/68 MP: 13/15
  9818 | Lair:1   | 9818 ||| Stepping ~*~*~tactically~*~*~ (stealth).
  9819 | Lair:1   | 9819 ||| Stepping ~*~*~tactically~*~*~ (stealth).
  9820 | Lair:1   | 9820 ||| INVOKING Heroism.
  9986 | Lair:1   | 9986 ||| INVOKING Heroism.
  9987 | Lair:1   | 9987 ||| Stepping ~*~*~tactically~*~*~ (stealth).
 10021 | Lair:1   | 10021 ||| INVOKING Heroism.
 10064 | Lair:1   | 10064 ||| INVOKING Heroism.
 10074 | Lair:1   | Received a gift from Okawaru
 10233 | Lair:1   | 10233 ||| INVOKING Heroism.
 10745 | Lair:2   | 10745 ||| Stepping ~*~*~tactically~*~*~ (stealth).
 10793 | Lair:2   | 10793 ||| Stepping ~*~*~tactically~*~*~ (stealth).
 10799 | Lair:2   | 10799 ||| INVOKING Heroism.
 11061 | Lair:2   | 11061 ||| INVOKING Heroism.
 11136 | Lair:2   | Noticed a death yak
 11136 | Lair:2   | Noticed a death yak
 11137 | Lair:2   | 11137 ||| Stepping ~*~*~tactically~*~*~ (stealth).
 11138 | Lair:2   | Noticed a death yak
 11138 | Lair:2   | Noticed a death yak
 11138 | Lair:2   | Noticed a death yak
 11139 | Lair:2   | 11139 ||| INVOKING Heroism.
 11139 | Lair:2   | Noticed a death yak
 11140 | Lair:2   | 11140 ||| Stepping ~*~*~tactically~*~*~ (stealth).
 11141 | Lair:2   | 11141 ||| Stepping ~*~*~tactically~*~*~ (stealth).
 11142 | Lair:2   | 11142 ||| INVOKING Finesse.
 11147 | Lair:2   | 11147 ||| Stepping ~*~*~tactically~*~*~ (stealth).
 11156 | Lair:2   | Killed a death yak
 11157 | Lair:2   | Reached skill level 9 in Invocations
 11159 | Lair:2   | Killed a death yak
 11160 | Lair:2   | Reached skill level 11 in Axes
 11178 | Lair:2   | Killed a death yak
 11178 | Lair:2   | Reached ****** piety under Okawaru
 11178 | Lair:2   | Received a gift from Okawaru
 11182 | Lair:2   | HP: 16/69 [death yak (13)]
 11183 | Lair:2   | 11183 ||| READING 3 scrolls of teleportation.
 11184 | Lair:2   | 11184 ||| DRINKING 3 potions of heal wounds.
 11185 | Lair:2   | Killed a death yak
 11186 | Lair:2   | Reached XP level 12. HP: 40/75 MP: 13/19
 11200 | Lair:2   | Killed a death yak
 11425 | Lair:2   | 11425 ||| INVOKING Heroism.
 11426 | Lair:2   | 11426 ||| INVOKING Finesse.
 11428 | Lair:2   | 11428 ||| Stepping ~*~*~tactically~*~*~ (stealth).
 11449 | Lair:2   | Killed a death yak
 11450 | Lair:2   | Reached skill level 9 in Fighting
 11485 | Lair:2   | 11485 ||| Stepping ~*~*~tactically~*~*~ (stealth).
 11492 | Lair:2   | 11492 ||| INVOKING Heroism.
 11525 | Lair:2   | Found a hole to the Spider Nest.
 11654 | Lair:2   | 11654 ||| INVOKING Heroism.
 11869 | Lair:2   | Found a staircase to the Swamp.
 11871 | Lair:2   | 11871 ||| INVOKING Heroism.
 12039 | Lair:2   | 12039 ||| READING 3 scrolls of identify.
 12039 | Lair:2   | 12039 ||| IDENTIFYING blue potion
 12040 | Lair:2   | 12040 ||| READING 2 scrolls of identify.
 12040 | Lair:2   | 12040 ||| IDENTIFYING silvery potion
 12041 | Lair:2   | 12041 ||| DROPPING potion of degeneration.
 12071 | Lair:3   | Noticed a seven-headed hydra
 12072 | Lair:3   | 12072 ||| INVOKING Heroism.
 12073 | Lair:3   | 12073 ||| INVOKING Finesse.
 12074 | Lair:3   | 12074 ||| SWAPPING to +3 vorpal flail.
 12082 | Lair:3   | Killed a seven-headed hydra
 12083 | Lair:3   | 12083 ||| SWAPPING to +1 war axe.
 12136 | Lair:3   | You fall into a shaft and drop 2 floors!
 12136 | Lair:5   | Entered Level 5 of the Lair of Beasts
 12164 | Lair:5   | 12164 ||| READING scroll of enchant armour.
 12164 | Lair:5   | 12164 ||| ENCHANTING +1 pair of gloves.
 12336 | Lair:5   | Found a staircase to the Slime Pits.
 12343 | Lair:5   | 12343 ||| INVOKING Heroism.
 12494 | Lair:5   | Identified the +8 quarterstaff of Udosk {elec, Int+3}
 12502 | Lair:5   | 12502 ||| Stepping ~*~*~tactically~*~*~ (stealth).
 12509 | Lair:5   | 12509 ||| INVOKING Heroism.
 12607 | Lair:5   | 12607 ||| Stepping ~*~*~tactically~*~*~ (stealth).
 12610 | Lair:5   | 12610 ||| Stepping ~*~*~tactically~*~*~ (stealth).
 12714 | Lair:5   | Noticed a death yak
 12714 | Lair:5   | Noticed a death yak
 12714 | Lair:5   | Noticed a death yak
 12715 | Lair:5   | 12715 ||| INVOKING Heroism.
 12716 | Lair:5   | 12716 ||| INVOKING Finesse.
 12716 | Lair:5   | Noticed a death yak
 12717 | Lair:5   | 12717 ||| Stepping ~*~*~tactically~*~*~ (stealth).
 12729 | Lair:5   | Killed a death yak
 12730 | Lair:5   | Reached skill level 12 in Axes
 12744 | Lair:5   | Killed a death yak
 12750 | Lair:5   | Killed a death yak
 12751 | Lair:5   | Reached skill level 6 in Shields
 12758 | Lair:5   | Killed a death yak
 13048 | Lair:4   | 13048 ||| INVOKING Heroism.
 13227 | Lair:4   | 13227 ||| READING 2 scrolls of identify.
 13227 | Lair:4   | 13227 ||| IDENTIFYING white potion
 13228 | Lair:4   | 13228 ||| DROPPING potion of berserk rage.
 13234 | Lair:4   | 13234 ||| Stepping ~*~*~tactically~*~*~ (stealth).
 13235 | Lair:4   | 13235 ||| Stepping ~*~*~tactically~*~*~ (stealth).
 13241 | Lair:4   | 13241 ||| INVOKING Heroism.
 13290 | Lair:3   | 13290 ||| INVOKING Heroism.
 13311 | Lair:3   | Reached XP level 13. HP: 82/82 MP: 20/20
 13408 | Lair:3   | 13408 ||| INVOKING Heroism.
 13468 | Lair:3   | 13468 ||| INVOKING Heroism.
 13522 | Lair:3   | Reached skill level 13 in Axes
 13653 | Lair:3   | 13653 ||| INVOKING Heroism.
 13659 | Lair:3   | Received a gift from Okawaru
 13732 | Lair:3   | 13732 ||| INVOKING Heroism.
 13733 | Lair:3   | 13733 ||| INVOKING Finesse.
 13735 | Lair:3   | 13735 ||| SWAPPING to +3 vorpal flail.
 13742 | Lair:3   | 13742 ||| SWAPPING to +1 war axe.
 14138 | Lair:3   | 14138 ||| INVOKING Heroism.
 14271 | Lair:3   | 14271 ||| UPGRADING to +1 pair of gloves of dexterity.
 14281 | Lair:3   | 14281 ||| DROPPING +2 pair of gloves.
 14282 | Lair:3   | 14282 ||| DRINKING 3 red potions.
 14283 | Lair:3   | 14283 ||| READING 2 scrolls of identify.
 14283 | Lair:3   | 14283 ||| IDENTIFYING clear potion
 14284 | Lair:3   | 14284 ||| DROPPING 2 potions of invisibility.
 14337 | Lair:4   | 14337 ||| INVOKING Heroism.
 14670 | Lair:4   | 14670 ||| Stepping ~*~*~tactically~*~*~ (stealth).
 14671 | Lair:4   | 14671 ||| INVOKING Heroism.
 14683 | Lair:4   | Reached skill level 12 in Armour
 14737 | Lair:4   | 14737 ||| INVOKING Heroism.
 14744 | Lair:4   | 14744 ||| Stepping ~*~*~tactically~*~*~ (stealth).
 14747 | Lair:4   | 14747 ||| Stepping ~*~*~tactically~*~*~ (stealth).
 14748 | Lair:4   | 14748 ||| Stepping ~*~*~tactically~*~*~ (stealth).
 14750 | Lair:4   | 14750 ||| Stepping ~*~*~tactically~*~*~ (stealth).
 14783 | Lair:4   | 14783 ||| Stepping ~*~*~tactically~*~*~ (stealth).
 14784 | Lair:4   | 14784 ||| Stepping ~*~*~tactically~*~*~ (stealth).
 14973 | Lair:4   | 14973 ||| Stepping ~*~*~tactically~*~*~ (stealth).
 14978 | Lair:4   | 14978 ||| Stepping ~*~*~tactically~*~*~ (stealth).
 15112 | Lair:4   | Noticed Sonja
 15113 | Lair:4   | 15113 ||| INVOKING Finesse.
 15138 | Lair:4   | Killed Sonja
 15654 | Lair:5   | 15654 ||| INVOKING Heroism.
 15800 | Lair:5   | 15800 ||| INVOKING Heroism.
 15801 | Lair:5   | 15801 ||| INVOKING Finesse.
 15803 | Lair:5   | 15803 ||| SWAPPING to +3 vorpal flail.
 15817 | Lair:5   | Reached skill level 14 in Axes
 15817 | Lair:5   | 15817 ||| SWAPPING to +1 war axe.
 15964 | Lair:5   | 15964 ||| INVOKING Heroism.
 16217 | Lair:5   | Noticed a dire elephant
 16217 | Lair:5   | Noticed a dire elephant
 16227 | Lair:5   | 16227 ||| INVOKING Heroism.
 16228 | Lair:5   | 16228 ||| INVOKING Finesse.
 16249 | Lair:5   | 16249 ||| Stepping ~*~*~tactically~*~*~ (stealth).
 16329 | Lair:5   | 16329 ||| INVOKING Heroism.
 16330 | Lair:5   | 16330 ||| INVOKING Finesse.
 16420 | Lair:5   | 16420 ||| INVOKING Heroism.
 16466 | Lair:5   | 16466 ||| FLEEEEING.
 16467 | Lair:5   | 16467 ||| FLEEEEING.
 16468 | Lair:5   | 16468 ||| FLEEEEING.
 16469 | Lair:5   | 16469 ||| FLEEEEING.
 16470 | Lair:5   | 16470 ||| FLEEEEING.
 16471 | Lair:5   | 16471 ||| FLEEEEING.
 16472 | Lair:5   | 16472 ||| FLEEEEING.
 16473 | Lair:5   | 16473 ||| FLEEEEING.
 16474 | Lair:5   | 16474 ||| FLEEEEING.
 16475 | Lair:5   | 16475 ||| FLEEEEING.
 16476 | Lair:5   | 16476 ||| FLEEEEING.
 16477 | Lair:5   | 16477 ||| FLEEEEING.
 16478 | Lair:5   | 16478 ||| FLEEEEING.
 16479 | Lair:5   | 16479 ||| FLEEEEING.
 16480 | Lair:5   | 16480 ||| FLEEEEING.
 16481 | Lair:5   | 16481 ||| FLEEEEING.
 16482 | Lair:5   | 16482 ||| FLEEEEING.
 16483 | Lair:5   | 16483 ||| FLEEEEING.
 16484 | Lair:5   | 16484 ||| FLEEEEING.
 16485 | Lair:5   | 16485 ||| FLEEEEING.
 16486 | Lair:5   | 16486 ||| FLEEEEING.
 16487 | Lair:5   | 16487 ||| FLEEEEING.
 16488 | Lair:5   | 16488 ||| FLEEEEING.
 16489 | Lair:5   | 16489 ||| FLEEEEING.
 16490 | Lair:5   | 16490 ||| FLEEEEING.
 16491 | Lair:5   | 16491 ||| FLEEEEING.
 16492 | Lair:5   | 16492 ||| FLEEEEING.
 16493 | Lair:5   | 16493 ||| FLEEEEING.
 16494 | Lair:5   | 16494 ||| FLEEEEING.
 16495 | Lair:5   | 16495 ||| FLEEEEING.
 16496 | Lair:5   | 16496 ||| FLEEEEING.
 16497 | Lair:5   | 16497 ||| FLEEEEING.
 16498 | Lair:5   | 16498 ||| FLEEEEING.
 16499 | Lair:5   | 16499 ||| FLEEEEING.
 16500 | Lair:5   | 16500 ||| INVOKING Heroism.
 16701 | Lair:5   | Noticed a dire elephant
 16702 | Lair:5   | 16702 ||| Stepping ~*~*~tactically~*~*~ (stealth).
 16704 | Lair:5   | 16704 ||| Stepping ~*~*~tactically~*~*~ (stealth).
 16705 | Lair:5   | 16705 ||| INVOKING Heroism.
 16708 | Lair:5   | 16708 ||| Stepping ~*~*~tactically~*~*~ (stealth).
 16736 | Lair:5   | Killed a dire elephant
 16742 | Lair:5   | Gained mutation: Your large and strong wings let you fly.
                  | [Gargoyle growth]
 16742 | Lair:5   | Reached XP level 14. HP: 28/88 MP: 21/21
 17180 | Lair:5   | 17180 ||| INVOKING Heroism.
 17237 | Lair:5   | 17237 ||| Stepping ~*~*~tactically~*~*~ (hiding).
 17238 | Lair:5   | 17238 ||| INVOKING Heroism.
 17266 | Lair:5   | Killed a dire elephant
 17279 | Lair:5   | 17279 ||| INVOKING Heroism.
 17298 | Lair:5   | Killed a dire elephant
 17620 | Lair:5   | 17620 ||| INVOKING Heroism.
 17621 | Lair:5   | 17621 ||| INVOKING Finesse.
 17680 | Lair:5   | 17680 ||| INVOKING Heroism.
 17696 | Lair:5   | 17696 ||| FLEEEEING.
 17697 | Lair:5   | 17697 ||| FLEEEEING.
 17698 | Lair:5   | 17698 ||| FLEEEEING.
 17699 | Lair:5   | 17699 ||| FLEEEEING.
 17700 | Lair:5   | 17700 ||| FLEEEEING.
 17701 | Lair:5   | 17701 ||| FLEEEEING.
 17954 | Lair:5   | 17954 ||| PLANNING D:1-11
 17954 | Lair:5   | 17954 ||| READING 2 scrolls of identify.
 17954 | Lair:5   | 17954 ||| IDENTIFYING viscous silvery potion
 17955 | Lair:5   | 17955 ||| DRINKING potion of experience.
 17955 | Lair:5   | Reached skill level 15 in Axes
 17955 | Lair:5   | Reached XP level 15. HP: 94/94 MP: 22/22
 18126 | D:9      | 18126 ||| Stepping ~*~*~tactically~*~*~ (stealth).
 18130 | D:9      | 18130 ||| Stepping ~*~*~tactically~*~*~ (stealth).
 18136 | D:9      | 18136 ||| Stepping ~*~*~tactically~*~*~ (stealth).
 18376 | D:9      | 18376 ||| Stepping ~*~*~tactically~*~*~ (hiding).
 18381 | D:9      | 18381 ||| Stepping ~*~*~tactically~*~*~ (hiding).
 18388 | D:9      | 18388 ||| Stepping ~*~*~tactically~*~*~ (hiding).
 18389 | D:9      | 18389 ||| INVOKING Heroism.
 18467 | D:9      | 18467 ||| INVOKING Heroism.
 18470 | D:9      | Reached skill level 3 in Dodging
 18791 | D:9      | 18791 ||| DROPPING +3 vorpal flail.
 18870 | D:9      | 18870 ||| Stepping ~*~*~tactically~*~*~ (stealth).
 18880 | D:9      | Received a gift from Okawaru
 18889 | D:9      | 18889 ||| INVOKING Heroism.
 18934 | D:9      | 18934 ||| SWAPPING to +0 broad axe of venom.
 18935 | D:9      | 18935 ||| DROPPING +1 war axe.
 19028 | D:9      | 19028 ||| Stepping ~*~*~tactically~*~*~ (stealth).
 19030 | D:9      | 19030 ||| Stepping ~*~*~tactically~*~*~ (hiding).
 19031 | D:9      | 19031 ||| Stepping ~*~*~tactically~*~*~ (hiding).
 19032 | D:9      | 19032 ||| Stepping ~*~*~tactically~*~*~ (hiding).
 19407 | D:10     | Entered Level 10 of the Dungeon
 19599 | D:10     | 19599 ||| Stepping ~*~*~tactically~*~*~ (stealth).
 19601 | D:10     | 19601 ||| Stepping ~*~*~tactically~*~*~ (hiding).
 19603 | D:10     | 19603 ||| Stepping ~*~*~tactically~*~*~ (hiding).
 19604 | D:10     | 19604 ||| Stepping ~*~*~tactically~*~*~ (hiding).
 19605 | D:10     | 19605 ||| Stepping ~*~*~tactically~*~*~ (hiding).
 19624 | D:10     | 19624 ||| Stepping ~*~*~tactically~*~*~ (stealth).
 19676 | D:10     | 19676 ||| Stepping ~*~*~tactically~*~*~ (stealth).
 19677 | D:10     | 19677 ||| Stepping ~*~*~tactically~*~*~ (stealth).
 19678 | D:10     | 19678 ||| Stepping ~*~*~tactically~*~*~ (stealth).
 19692 | D:10     | Found a staircase to the Orcish Mines.
 19792 | D:10     | Noticed Joseph
 19793 | D:10     | 19793 ||| Stepping ~*~*~tactically~*~*~ (hiding).
 19806 | D:10     | Killed Joseph
 19912 | D:10     | 19912 ||| Stepping ~*~*~tactically~*~*~ (stealth).
 19950 | D:10     | 19950 ||| Stepping ~*~*~tactically~*~*~ (hiding).
 19955 | D:10     | 19955 ||| INVOKING Heroism.
 20086 | D:10     | Noticed Urug
 20087 | D:10     | 20087 ||| INVOKING Heroism.
 20088 | D:10     | 20088 ||| INVOKING Finesse.
 20097 | D:10     | Killed Urug
 20498 | D:10     | 20498 ||| READING 3 scrolls of identify.
 20498 | D:10     | 20498 ||| IDENTIFYING emerald potion
 20499 | D:10     | 20499 ||| DROPPING potion of brilliance.
 20642 | D:11     | 20642 ||| INVOKING Heroism.
 20944 | D:11     | 20944 ||| PLANNING D
 20971 | D:12     | 20971 ||| Stepping ~*~*~tactically~*~*~ (hiding).
 20975 | D:12     | 20975 ||| INVOKING Heroism.
 20976 | D:12     | 20976 ||| Stepping ~*~*~tactically~*~*~ (hiding).
 20977 | D:12     | 20977 ||| Stepping ~*~*~tactically~*~*~ (hiding).
 21010 | D:12     | 21010 ||| Stepping ~*~*~tactically~*~*~ (stealth).
 21011 | D:12     | 21011 ||| Stepping ~*~*~tactically~*~*~ (stealth).
 21024 | D:12     | 21024 ||| Stepping ~*~*~tactically~*~*~ (stealth).
 21088 | D:12     | 21088 ||| Stepping ~*~*~tactically~*~*~ (stealth).
 21133 | D:12     | 21133 ||| Stepping ~*~*~tactically~*~*~ (stealth).
 21134 | D:12     | 21134 ||| INVOKING Heroism.
 21135 | D:12     | 21135 ||| Stepping ~*~*~tactically~*~*~ (stealth).
 21136 | D:12     | 21136 ||| Stepping ~*~*~tactically~*~*~ (stealth).
 21137 | D:12     | 21137 ||| READING 7 scrolls of teleportation.
 21141 | D:12     | Slain by an enormous slime creature

Levels and vault maps discovered:
D:1:      heliophobic_arrival_enchanted_forest, layout_basic,
          shapermc_ecumenical_altar_notcrosses, serial_shops,
          nicolae_diamond_shop, minivault_19
D:2:      layout_loops_ring, minmay_liquid_box
D:3:      layout_basic, mainiacjoe_overflow_cross_hatched, uniq_robin,
          uniq_terence, uniq_crazy_yiuf_cottage
D:4:      layout_basic, fedhas_altar_fruit_tree, minmay_temple_entry_trees,
          serial_corexii_hall, chequers_hall_statues_wall_a,
          chequers_hall_statues_y, uniq_sigmund
D:5:      layout_cave_pools, lightli_sewer_entry_pipes
D:6:      layout_loops_ring, serial_shops, shop
D:7:      layout_basic, minmay_manual_macuahuitl
D:8:      layout_layer_cave, lemuel_round_altar, due_lair_maze_entry_diamond
D:9:      layout_basic, guppyfry_early_elven_hall
D:10:     layout_basic, david_orc_2, due_unseen_surprise, uniq_urug, uniq_joseph
D:11:     layout_cross
D:12:     layout_cave_pods, gammafunk_ghost_berserking_beasts, minivault_8
Temple:   compressed_dpeg_triangle_lava_temple
Lair:1:   layout_regular_city, st_stairs_7, grunt_megastairs_4,
          infiniplex_staircase_pool
Lair:2:   layout_layer_cave, minmay_swamp_entry_worms, dummy_spider_entry,
          lemuel_fruit_tree
Lair:3:   layout_regular_city
Lair:4:   layout_gridlike, serial_bayou_pond_e, nicolae_quartered_pool_medium,
          grunt_forest_large_clearings, uniq_sonja
Lair:5:   due_jungle_book, layout_regular_city, slime_entry_1,
          serial_bayou_shore_b

Skill      XL: |  1  2  3  4  5  6  7  8  9 10 11 12 13 14 15 |
---------------+----------------------------------------------+-----
Axes           | 2 3 4 6 8 9 10 11 12 14 15 | 15.5
Fighting       | 4 5 6 8 10 11 | 11.2
Invocations    | 1 4 6 9 10 | 10.1
Armour         | 4 5 8 9 10 11 13 14 | 14.0
Dodging        | 1 2 3 |  3.0
Throwing       | 1 2 |  2.3
Shields        | 4 5 6 7 |  7.0

Action                   |  1- 3 |  4- 6 |  7- 9 | 10-12 | 13-15 || total
-------------------------+-------+-------+-------+-------+-------++-------
Melee: War axe           |    94 |    82 |   340 |   616 |   780 ||  1912
       Flail             |       |       |       |     7 |    17 ||    24
       Broad axe         |       |       |       |       |   132 ||   132
Throw: Boomerang         |    33 |    33 |    56 |    82 |    14 ||   218
       Javelin           |       |       |       |       |    12 ||    12
Invok: Heroism           |       |     1 |    16 |    24 |    29 ||    70
       Finesse           |       |       |       |     4 |     7 ||    11
  Use: Scroll            |     7 |     1 |     9 |     5 |     4 ||    26
       Potion            |     1 |     2 |       |     1 |     2 ||     6
 Stab: Invisible         |       |       |       |       |     3 ||     3
Armor: Scale mail        |    13 |       |       |       |       ||    13
       Plate armour      |    62 |    54 |   162 |       |       ||   278
       Crystal plate arm |       |       |    90 |   433 |   667 ||  1190
Dodge: Dodged            |    27 |    25 |    89 |   108 |   224 ||   473
Block: Buckler           |    41 |    18 |    61 |   122 |   205 ||   447

Table legend:
 A = Non-vault XP
 B = Vault XP
 C = Vault XP percentage of total XP
 D = Non-vault monster count
 E = Vault monster count
 F = Vault count percentage of total count
                 A         B        C        D         E       F
            +---------+---------+-------+---------+---------+-------
      Total |   48159 |   23487 |  32.8 |     342 |     108 |  24.0
            +---------+---------+-------+---------+---------+-------
        D:1 |      18 |       0 |   0.0 |      12 |       0 |   0.0
        D:2 |      55 |       0 |   0.0 |      22 |       0 |   0.0
        D:3 |      37 |      71 |  65.7 |      15 |      14 |  48.3
        D:4 |     176 |     239 |  57.6 |      18 |       1 |   5.3
        D:5 |     453 |      48 |   9.6 |      13 |       7 |  35.0
        D:6 |    1489 |       0 |   0.0 |      30 |       0 |   0.0
        D:7 |    1282 |     460 |  26.4 |      31 |       4 |  11.4
        D:8 |     926 |    1262 |  57.7 |      20 |      10 |  33.3
        D:9 |    4383 |     625 |  12.5 |      36 |       1 |   2.7
       D:10 |    2352 |    1528 |  39.4 |      15 |      10 |  40.0
       D:11 |    1227 |       0 |   0.0 |      12 |       0 |   0.0
       D:12 |    1030 |       0 |   0.0 |       7 |       0 |   0.0
     Lair:1 |    6196 |       0 |   0.0 |      26 |       0 |   0.0
     Lair:2 |    9004 |     442 |   4.7 |      24 |       2 |   7.7
     Lair:3 |    5776 |       0 |   0.0 |      17 |       0 |   0.0
     Lair:4 |    4757 |    4952 |  51.0 |      19 |      31 |  62.0
     Lair:5 |    8998 |   13860 |  60.6 |      25 |      28 |  52.8
            +---------+---------+-------+---------+---------+-------
